 Dungeon Crawl Stone Soup version 0.31-a0-1589-g8f5e8aebd6 (webtiles) character file.

Game seed: 12468290264577029637

18 runemasterragnar the Trooper (level 2, -2/25 HPs)
             Began as a Human Monk on Jan 5, 2024.
             Succumbed to a kobold's poison
             ... on level 1 of the Dungeon.
             The game lasted 00:00:35 (480 turns).

runemasterragnar the Trooper (Human Monk)            Turns: 480, Time: 00:00:36

Health: -2/25      AC:  2    Str: 11    XL:     2   Next: 66%
Magic:  2/2        EV: 13    Int: 10    God:
Gold:   66         SH:  0    Dex: 15    Spells: 1/1 levels left

rFire   . .          .
                       - Unarmed
rCold   . . .        c - orb {light}
rNeg    . . .        a - +0 robe
rPois   .            (no helmet)
rElec   .            (no cloak)
rCorr   .            (no gloves)
SInv    .            (no boots)
Will    .....        (no amulet)
Stlth   +            (no ring)
HPRegen 0.24/turn    (no ring)
MPRegen 0.08/turn

%: no passive effects
@: lethally poisoned (-2 -> -12), glowing
A: explore regen
a: no special abilities


You were on level 1 of the Dungeon.
You visited 1 branch of the dungeon, and saw 1 of its levels.

You collected 66 gold pieces.

Inventory:

Armour
 a - a +0 robe (worn)
 c - an orb of light (worn)
Jewellery
 g - an amulet of faith
Scrolls
 d - a scroll of enchant armour {unknown}
 e - a scroll of blinking {unknown}
 f - 2 scrolls of enchant weapon {unknown}
 h - a scroll of identify {unknown}
Potions
 b - a potion of ambrosia


   Skills:
 + Level 3.9 Fighting
 - Level 3.0 Dodging
 - Level 3.0 Unarmed Combat


You had one spell level left.
You didn't know any spells.
Your spell library was empty.

Dungeon Overview and Level Annotations

Branches:
Dungeon (1/15)

Altars:


Innate Abilities, Weirdness & Mutations

You regain HP and MP as you explore.


Message History

You kill the bat!
No target in view!
No target in view!
You see here a bat corpse.
You now have 66 gold pieces (gained 5).
Found a short sword.
Found a chain mail.
You see here a +0 short sword.
Found 8 stones.
A kobold comes into view. It is wielding a +2 dagger of venom.
The kobold shouts!
A gnoll comes into view. It is wielding a +0 spear.
Found a hand axe and 6 gold pieces.
The gnoll shouts!
The gnoll misses you.
You hit the gnoll but do no damage. The gnoll misses you.
You barely miss the gnoll. The gnoll hits you with a +0 spear.
You hit the gnoll.
The gnoll is moderately wounded.
The gnoll hits you with a +0 spear.
You completely miss the gnoll.
The gnoll is moderately wounded.
The kobold throws a stone.
The stone hits you. The gnoll hits you with a +0 spear.
You hit the gnoll but do no damage.
The gnoll is moderately wounded.
The kobold throws a stone.
The stone hits you. The gnoll closely misses you.
Okay, then.
You hit the gnoll.
The gnoll is severely wounded.
The gnoll closely misses you.
You hit the gnoll.
The gnoll is severely wounded.
The kobold hits you with a +2 dagger of venom.
You are poisoned.
The gnoll hits you with a +0 spear!
* * * LOW HITPOINT WARNING * * *
You barely miss the gnoll.
The gnoll is severely wounded.
You die...

#.#.# #.#.# #.#.#
#.# ### #.# #.)
#.# #.#####.#.#
#g#.(...#.#
#@#.#####.#
#K......#.#
##.......#.#
...............)#
...........[..###
....K.........#
..............#
$.............#
###.#.#.#######


You could see a gnoll and a kobold.

Vanquished Creatures
  A dart slug (D:1)
  2 endoplasms (D:1)
  A giant cockroach (D:1)
  2 kobolds (D:1)
  A quokka (D:1)
  3 bats (D:1)
  2 frilled lizards (D:1)
  2 goblins (D:1)
14 creatures vanquished.

Notes
Turn   | Place    | Note
-------+----------+-------------------------------------------
     0 | D:1      | runemasterragnar the Human Monk began the quest for the
                  | Orb.
     0 | D:1      | Reached XP level 1. HP: 18/18 MP: 1/1
     7 | D:1      | Noticed a brain worm
     7 | D:1      | Noticed a black bear
     8 | D:1      | Noticed a crocodile
     8 | D:1      | Noticed a wyvern
   310 | D:1      | Reached XP level 2. HP: 24/24 MP: 2/2
   479 | D:1      | HP: 1/25 [gnoll/+0 spear (10)]
   480 | D:1      | Succumbed to a kobold's poison

Illustrated notes

Levels and vault maps discovered:
D:1:      onia_arrival_zoo_common, layout_basic, nicolae_the_louvre

Action                     || total
---------------------------++-------
  Melee: Unarmed           ||    50
 Armour: Robe              ||    23
  Dodge: Dodged            ||    50

Table legend: (Time is in decaauts)
 A = Elapsed time spent in this place.
 B = Non-inter-level travel time spent in this place.
 C = Inter-level travel time spent in this place.
 D = Time resting spent in this place.
 E = Time spent auto-exploring this place.
 F = Levels seen in this place.
 G = Mean time per level.
                   A        B        C        D        E       F      G
               +--------+--------+--------+--------+--------+-----+--------+
         Total |    478 |    478 |      0 |      0 |    369 |   1 |  478.0 |
       Dungeon |    478 |    478 |      0 |      0 |    369 |   1 |  478.0 |
               +--------+--------+--------+--------+--------+-----+--------+

Top non-repeatable levels by time:
     D:1: 478 daAuts
